Map: Ghost River LE

Players

ESPARTANO

  • Race: Terran Terran
  • League: Grandmaster
  • Spawn Location: 11:00

Gayrreiro - Winner!

  • Race: Zerg Zerg
  • League: Grandmaster
  • Spawn Location: 1:00

VOD

Have the link to the VOD?

Description

Time

  • Played on: June 7, 2024, 6:41 p.m.
  • Length: 10:59
Show
View Real Time Build Order
Export as new Build Order

ESPARTANO Terran 

Build Orders: Reaper Expand 

Get SALT Encoding   

  12  0:00  SCV  
  13  0:12  SCV  
  14  0:17  Supply Depot  
  14  0:24  SCV  
  15  0:38  SCV  
  15  0:41  Barracks  
  16  0:46  Refinery  
  16  0:50  SCV  
  17  1:03  SCV  
  18  1:15  SCV  
  19  1:30  Orbital Command  
  19  1:34  Reaper  
  20  1:44  Command Center  
  20  1:58  SCV  
  21  2:06  Barracks Reactor  
  21  2:07  Supply Depot  
  21  2:11  SCV  
  21  2:14  Barracks  
  22  2:23  SCV  
  23  2:35  SCV  
  24  2:41  Command Center  
  24  2:43  Marine  
  25  2:47  SCV  
  25  2:48  Marine  
  27  2:54  Barracks  
  28  3:01  Orbital Command  
  27  3:06  SCV  
  27  3:08  Barracks Tech Lab  
  28  3:12  Refinery  
  28  3:15  Marine  
  28  3:17  Marine  
  28  3:18  SCV  
  31  3:27  SCV  
  32  3:30  Stimpack  
  32  3:31  Marine, SCV  
  32  3:33  Marine  
  35  3:38  Marine  
  35  3:39  SCV  
  37  3:43  Factory, Barracks Tech Lab  
  36  3:50  SCV  
  36  3:51  Marine  
  36  3:54  Orbital Command  
  36  3:55  SCV  
  39  4:00  Marine x2  
  39  4:02  SCV  
  42  4:07  SCV  
  42  4:08  Marine, Supply Depot  
  42  4:09  Marine  
  45  4:15  Supply Depot  
  45  4:19  Barracks  
  45  4:21  Marauder  
  45  4:22  SCV  
  45  4:24  SCV  
  49  4:26  SCV  
  49  4:28  Factory Reactor  
  50  4:34  Starport  
  50  4:37  SCV  
  50  4:38  SCV  
  52  4:39  Marine  
  52  4:40  Marauder  
  52  4:43  SCV  
  52  4:45  Supply Depot  
  56  4:48  Marine  
  56  4:50  Marine, SCV x2  
  60  4:55  Supply Depot  
  60  4:56  SCV  
  60  4:59  Marine, Refinery  
  62  5:12  Siege Tank  
  62  5:13  SCV x2  
  67  5:17  Medivac x2  
  67  5:18  Marine x4  
  67  5:19  Marine  
  76  5:30  Refinery  
  76  5:36  Marine x3  
  76  5:39  Barracks  
  76  5:41  Barracks Reactor  
  76  5:42  Combat Shield  
  80  5:47  Medivac  
  80  5:48  SCV x3  
  84  5:53  Marine  
  84  5:54  Marine  
  86  6:00  SCV  
  86  6:02  Marine  
  86  6:03  Marine  
  86  6:04  SCV  
  90  6:10  SCV  
  91  6:11  Marine x2, Supply Depot  
  91  6:13  Supply Depot  
  91  6:14  Supply Depot  
  91  6:16  Supply Depot  
  93  6:33  Marine x5, Medivac, SCV  
  93  6:34  Marine, Medivac, SCV  
  93  6:37  Barracks Tech Lab  
  93  6:39  Supply Depot  
  105  6:41  Siege Tank  
  105  6:44  Supply Depot  
  105  6:45  Supply Depot  
  105  6:46  SCV, Supply Depot  
  110  6:51  Marine x5  
  110  6:54  Orbital Command  
  115  6:59  Marine  
  115  7:00  SCV x2  
  117  7:03  Medivac  
  117  7:06  Marine  
  120  7:09  Marauder  
  120  7:15  Siege Tank  
  125  7:27  Medivac, SCV  
  125  7:28  SCV x2  
  125  7:29  Marauder, Marine  
  132  7:30  Marauder  
  132  7:31  Command Center  
  135  7:39  SCV  
  133  7:57  Marine x2  
  133  7:58  Marine x5  
  129  8:02  Medivac x2  
  108  8:15  Marine x4  
  108  8:18  Marine x2  
  106  8:23  Barracks  
  106  8:24  Barracks  
  106  8:25  Ghost Academy, Barracks  
  93  8:28  Barracks Tech Lab  
  93  8:33  Marine x4  
  97  8:35  Marine, SCV x2  
  97  8:36  Refinery  
  97  8:37  Refinery  
  100  8:41  Marine  
  100  8:46  Orbital Command  
  100  8:47  SCV x2  
  103  8:50  Medivac x2  
  103  8:51  Marine x5  
  103  8:53  Siege Tank  
  115  8:56  SCV  
  115  8:59  SCV  
  117  9:05  SCV  
  117  9:06  Marauder, Marine  
  117  9:09  SCV  
  122  9:11  Barracks Tech Lab  
  122  9:12  Barracks Reactor, Marine, Ghost  
  122  9:14  Barracks Reactor  
  122  9:17  Marine x3  
  125  9:20  Engineering Bay, Medivac x2  
  125  9:21  Engineering Bay  
  125  9:24  Ghost  
  132  9:26  Ghost  
  132  9:30  Marine  
  137  9:31  Orbital Command  
  137  9:33  SCV  
  137  9:34  Marine  
  137  9:35  Marine x2  
  137  9:38  Siege Tank, Ghost  
  146  9:40  Marine  
  146  9:44  SCV  
  148  9:48  Marine x2, Starport, Supply Depot  
  148  9:52  Marine x2, Ghost  
  150  9:55  Ghost  
  142  10:01  Ghost  
  142  10:04  Marine x3  
  142  10:05  SCV  
  142  10:06  Ghost  
  144  10:07  Marine x2  
  144  10:10  Marine  
  144  10:11  Marine x2  
  144  10:12  Medivac  
  144  10:14  Supply Depot x2  
  151  10:15  SCV  
  151  10:21  Ghost  
  150  10:22  Marine  
  150  10:24  Marauder  
  145  10:31  Marine  
  145  10:32  Marine x6  
  150  10:39  Marine  
Show
View Real Time Build Order
Export as new Build Order

Gayrreiro Zerg - Winner!

Build Orders: Hatch First, Lurkers, Roach Hydra 

Get SALT Encoding   

  12  0:00  Drone  
  13  0:08  Drone  
  14  0:14  Extractor  
  14  0:15  Drone  
  15  0:36  Hatchery  
  15  0:41  Extractor  
  15  0:42  Drone  
  14  0:48  Overlord  
  15  1:04  Spawning Pool  
  15  1:07  Drone  
  15  1:11  Drone  
  16  1:13  Drone  
  17  1:18  Drone  
  18  1:34  Drone  
  19  1:43  Drone  
  20  1:52  Drone x2  
  20  1:53  Queen x2  
  26  1:59  Drone  
  27  2:04  Drone  
  28  2:11  Overlord  
  28  2:14  Extractor  
  27  2:18  Drone  
  28  2:29  Queen  
  34  2:37  Drone x4  
  34  2:42  Overlord  
  34  2:51  Drone  
  34  2:58  Drone  
  36  3:03  Drone x2  
  38  3:12  Drone x6  
  44  3:18  Overlord  
  44  3:24  Overlord  
  44  3:29  Extractor  
  44  3:32  Drone, Roach Warren  
  44  3:33  Drone  
  44  3:34  Overlord  
  44  3:40  Drone x3  
  47  3:46  Hatchery  
  46  3:49  Drone x3  
  46  3:52  Lair  
  46  3:53  Extractor  
  46  3:54  Extractor  
  46  3:55  Drone x3  
  50  4:04  Drone x2  
  50  4:05  Queen  
  54  4:23  Roach x5  
  64  4:29  Spore Crawler  
  64  4:30  Drone x3  
  66  4:34  Drone  
  67  4:39  Drone  
  68  4:49  Overlord x3  
  68  4:51  Glial Reconstitution  
  68  4:53  Overseer  
  68  4:59  Overlord  
  68  5:01  Drone x6  
  68  5:04  Hatchery  
  73  5:09  Evolution Chamber x2  
  73  5:13  Hydralisk Den  
  70  5:17  Roach x3  
  70  5:20  Drone x3  
  79  5:37  Drone x8  
  79  5:39  Extractor  
  79  5:40  Zerg Missile Weapons Level 1, Extractor  
  79  5:41  Zerg Ground Armor Level 1  
  85  5:44  Drone  
  85  5:48  Infestation Pit  
  85  5:49  Hydralisk x2  
  85  5:50  Hydralisk  
  91  5:59  Hydralisk, Grooved Spines  
  91  6:00  Hydralisk x2  
  97  6:07  Drone x2  
  97  6:08  Drone x3, Spore Crawler  
  101  6:14  Overlord  
  101  6:24  Drone x11  
  112  6:26  Overlord  
  112  6:34  Roach x4  
  112  6:36  Spore Crawler  
  119  6:42  Overlord, Spore Crawler  
  118  6:49  Hive  
  118  6:51  Lurker Den, Infestor x3  
  118  6:53  Drone  
  124  7:04  Roach x2  
  124  7:05  Roach x4  
  136  7:11  Muscular Augments  
  136  7:23  Overlord  
  136  7:25  Overlord x2  
  136  7:26  Overlord  
  136  7:31  Overlord  
  136  7:36  Overlord  
  136  7:43  Hydralisk x12  
  150  7:45  Roach  
  158  7:52  Hydralisk x3  
  158  7:58  Roach x3  
  133  8:06  Roach x2  
  133  8:10  Roach  
  133  8:12  Roach x3  
  131  8:13  Roach  
  131  8:15  Roach  
  125  8:20  Drone x2  
  125  8:23  Drone, Queen  
  130  8:27  Roach x2  
  130  8:31  Extractor  
  130  8:32  Drone x2, Extractor  
  134  8:41  Hatchery  
  134  8:43  Roach x4  
  134  8:47  Drone  
  142  8:56  Seismic Spines  
  142  8:57  Roach x6  
  142  8:58  Overlord  
  154  9:03  Overlord  
  154  9:04  Pneumatized Carapace  
  154  9:06  Overlord  
  154  9:15  Queen  
  156  9:20  Hydralisk x6  
  168  9:31  Roach x8  
  184  9:32  Overlord x2  
  184  9:40  Overlord  
  184  9:44  Overlord  
  183  9:53  Adaptive Talons  
  177  10:01  Drone  
  177  10:02  Drone x2  
  177  10:05  Lurker x7  
  186  10:10  Drone  
  186  10:11  Drone  
  186  10:13  Drone x9  
  186  10:14  Drone x3  
  190  10:33  Hydralisk x6  
Tags
 
Add a new tag
Caveats
  • Supply blocks, unpowered buildings, or Contaminate may cause inaccurate times.
  • Supply counts are checked every 10 seconds.